 Dungeon Crawl Stone Soup version 0.28.0-49-g6dfe1f597d (webtiles) character file.

Game seed: 17186438302637326635

25 Exodus22XD the Poker (level 2, -2/22 HPs)
             Began as a Demonspawn Gladiator on May 15, 2022.
             Succumbed to a goblin's poison
             ... on level 1 of the Dungeon.
             The game lasted 00:00:43 (530 turns).

Exodus22XD the Poker (Demonspawn Gladiator)          Turns: 530, Time: 00:00:44

Health: -2/22      AC:  4    Str: 11 (14) XL:     2   Next: 86%
Magic:  2/2        EV: 12    Int:  8 (9)  God:
Gold:   12         SH:  0    Dex: 11 (14) Spells: 1/1 levels left

rFire   . . .      SeeInvis .   a - +0 trident
rCold   . . .      Faith    .   (no shield)
rNeg    . . .      Spirit   .   b - +0 leather armour
rPois   .          Reflect  .   c - +0 helmet
rElec   .          Harm     .   (no cloak)
rCorr   .          Rampage  .   (no gloves)
Will    .....                   (no boots)
Stlth   +.........              (no amulet)
HPRegen 0.07/turn               (no ring)
MPRegen 0.08/turn               (no ring)

@: lethally poisoned (-2 -> -25)
A: powered by pain 1
a: no special abilities


You were on level 1 of the Dungeon.
You visited 1 branch of the dungeon, and saw 1 of its levels.

You collected 12 gold pieces.

Inventory:

Hand Weapons
 a - a +0 trident (weapon)
Missiles
 d - 3 throwing nets (quivered)
Armour
 b - a +0 leather armour (worn)
 c - a +0 helmet (worn)
Scrolls
 f - a scroll of vulnerability {unknown}
Potions
 e - a potion of degeneration
 g - a potion of brilliance {unknown}


   Skills:
 + Level 2.0 Fighting
 + Level 3.3 Polearms
 + Level 1.9 Throwing
 + Level 3.0 Dodging


You had one spell level left.
You didn't know any spells.
Your spell library was empty.

Dungeon Overview and Level Annotations

Branches:
Dungeon (1/15)

Altars:


Innate Abilities, Weirdness & Mutations

You sometimes gain a little power by taking damage.


Message History

The goblin shouts!
The kobold shouts!
There are monsters nearby!
There are monsters nearby!
You closely miss the goblin. The goblin barely misses you.
There are monsters nearby!
You barely miss the goblin. The goblin hits you but does no damage.
There are monsters nearby!
You closely miss the goblin. The goblin closely misses you.
There are monsters nearby!
You hit the goblin.
The goblin is moderately wounded.
The goblin hits you with a +2 dagger of venom.
You are poisoned.
The kobold barely misses you. The goblin hits you but does no damage.
You are lethally poisoned!
There is a lethal amount of poison in your body!
You closely miss the goblin.
The goblin is moderately wounded.
You feel very sick. The kobold hits you but does no damage.
The goblin misses you. The kobold misses you.
There is a lethal amount of poison in your body!
You closely miss the goblin.
The goblin is moderately wounded.
You feel very sick. The goblin misses you. The kobold hits you with a +0 whip.
* * * LOW HITPOINT WARNING * * *
There is a lethal amount of poison in your body!
You are too injured to fight recklessly!
There is a lethal amount of poison in your body!
It was a potion of degeneration.
There was something very wrong with that liquid.
You feel weakened.
You feel dopey.
You feel clumsy.
* * * LOW HITPOINT WARNING * * *
You feel sick. The goblin hits you but does no damage.
You are more poisoned.
The kobold hits you but does no damage.
You closely miss the goblin.
The goblin is moderately wounded.
You die...

#.# #.# #.# #.# #.#
############## #######.#
#............. ........#
#...!......... #########
#............. #
######..>..@g..?... #
#....#......K......
######..................
#....#................^.
.......†................
..........#.............
#....####.#.............
#....# #.##############
#....# #.#


You could see a goblin and a kobold.

Vanquished Creatures
  A gnoll (D:1)
  An endoplasm (D:1)
  3 goblins (D:1)
  4 jackals (D:1)
  A quokka (D:1)
  A ball python (D:1)
  2 frilled lizards (D:1)
  A rat (D:1)
14 creatures vanquished.

Notes
Turn   | Place    | Note
-------+----------+-------------------------------------------
     0 | D:1      | Exodus22XD the Demonspawn Gladiator began the quest for the
                  | Orb.
     0 | D:1      | Reached XP level 1. HP: 16/16 MP: 1/1
   214 | D:1      | Gained mutation: You sometimes gain a little power by
                  | taking damage. [demonic ancestry]
   214 | D:1      | Reached XP level 2. HP: 22/22 MP: 2/2
   530 | D:1      | Succumbed to a goblin's poison

Illustrated notes

Levels and vault maps discovered:
D:1:      tarquinn_simple_flora_water_f, layout_basic

Skill      XL: |  1  2 |
---------------+-------+-----
Polearms       | 3 |  3.3
Dodging        | 3 |  3.0
Fighting       | |  2.0
Throwing       | |  1.9

Action                   || total
-------------------------++-------
Melee: Trident           ||    41
  Use: Potion            ||     1
 Stab: Sleeping          ||     1
Armor: Leather armour    ||    14
Dodge: Dodged            ||    21
